 Dungeon Crawl Stone Soup version 0.26.0-10-g1f06aea511 (webtiles) character file.

Game seed: 12043130518520146516

1124 funkygono the Gusty (level 8, -6/56 (57) HPs)
             Began as a Red Draconian Air Elementalist on Jan 21, 2021.
             Was an Initiate of Sif Muna.
             Splashed by a gnoll's acid (8 damage)
             ... on level 5 of the Dungeon.
             The game lasted 00:15:06 (6998 turns).

funkygono the Gusty (DrAE)                          Turns: 6998, Time: 00:15:06

HP:   -6/56 (57)    AC:  2    Str: 11    XL:     8   Next: 13%
MP:   3/16          EV: 17    Int: 18    God:    Sif Muna [......]
Gold: 232           SH:  0    Dex: 11    Spells: 7/17 levels left

rFire    + + .     SeeInvis .   i - +0 whip
rCold    . . .     Faith    .   (no shield)
rNeg     . . .     Spirit   .   (armour unavailable)
rPois    +         Reflect  .   (helmet restricted)
rElec    .         Harm     .   (no cloak)
rCorr    .         Rampage  .   (no gloves)
Will     .....                  (no boots)
Stlth    ++........             (no amulet)
HPRegen  0.18/turn              g - ring of poison resistance
MPRegen  0.15/turn              k - ring of protection from fire

@: agile, lethally poisoned (-6 -> -9), corroded, lightly drained
A: breathe fire, unfitting armour, fire resistance 1, cold-blooded, AC +6
a: Breathe Fire, Renounce Religion


You were on level 5 of the Dungeon.
You worshipped Sif Muna.
Sif Muna was noncommittal.
You visited 2 branches of the dungeon, and saw 6 of its levels.

You collected 232 gold pieces.

Inventory:

Hand Weapons
 b - a +0 club
 i - a +0 whip (weapon)
 p - the +8 frozen axe "Frostbite" {freezing cloud, *Noise +Fly rC+}
   (You found it on level 4 of the Dungeon)

   It has been specially enchanted to freeze those struck by it, causing extra
   injury to most foes and up to half again as much damage against particularly
   susceptible opponents.
   It can also slow down cold-blooded creatures.
   It protects you from cold.
   It lets you fly.
   It may make noises in combat.
Armour
 s - a +0 buckler
Jewellery
 g - a ring of poison resistance (left hand)
 k - a ring of protection from fire (right hand)
 q - an uncursed ring of fire
Wands
 f - a wand of digging (6)
 n - a wand of enslavement (6)
Scrolls
 d - a scroll of blinking
 l - a scroll of enchant armour {unknown}
 m - a scroll of immolation {unknown}
 o - a scroll of teleportation
 r - a scroll of remove curse {unknown}
 t - a scroll of fear {unknown}
 u - a scroll of torment {unknown}
Potions
 a - 3 potions of flight
 c - a potion of resistance
 e - 3 potions of curing
 h - a potion of lignification {unknown}
 j - a potion of cancellation {unknown}


   Skills:
 + Level 0.1 Maces & Flails
 + Level 2.1 Dodging
 + Level 2.1 Stealth
 * Level 5.4 Spellcasting
 * Level 4.9 Conjurations
 * Level 6.4 Air Magic


You had 7 spell levels left.
You knew the following spells:

 Your Spells              Type           Power        Failure   Level
a - Shock                 Conj/Air       100%         1%          1
b - Swiftness             Air            28%          1%          2
c - Static Discharge      Conj/Air       25%          3%          3
d - Airstrike             Air            14%          9%          4

Your spell library contained the following spells:

 Spells                   Type           Power        Failure   Level
 Lightning Bolt           Conj/Air       12%          34%         5


Dungeon Overview and Level Annotations

Branches:
Dungeon (5/15)             Temple (1/1) D:4

Altars:
Ashenzari
Cheibriados
Dithmenos
Elyvilon
Fedhas
Gozag
Hepliaklqana
Kikubaaqudgha
Makhleb
Nemelex Xobeh
Okawaru
Ru
Sif Muna
Trog
Vehumet
Xom
Yredelemnul
The Shining One

Shops:
D:4 }


Innate Abilities, Weirdness & Mutations

You can breathe blasts of fire.
Your fiery red scales are hard. (AC +6)
You cannot fit into any form of body armour.
Your flesh is heat resistant. (rF+)
You are cold-blooded and may be slowed by cold attacks.


Message History

The crimson imp hits you with a +0 dagger of chaos.
The crimson imp hits you but does no damage.
The gnoll sergeant hits you from afar with a +2 spear of venom!
The crimson imp hits you with a +0 dagger of chaos.
You feel agile all of a sudden.
The gnoll sergeant hits you from afar with a +2 spear of venom!
The crimson imp blinks!
The gnoll sergeant hits you from afar with a +2 spear of venom.
The gnoll sergeant hits you from afar with a +2 spear of venom!
The gnoll shouts!
The gnoll sergeant hits you from afar with a +2 spear of venom!
The gnoll sergeant hits you from afar with a +2 spear of venom.
The gnoll sergeant hits you but does no damage.
You turn to flesh and can move again.
You feel sick.
The gnoll hits you from afar with a +0 spear.
The gnoll zaps a wand.
The bolt of acid hits you!!
* * * LOW HITPOINT WARNING * * *
The acid corrodes you!
You are splashed with acid!
You die...

........###._.###.........#
.........#5§...^§#..........
.........####'####.........#
............................
...........................#
...........................#
........g......)...........#
.......gg..................#
.........5.@................
.......................†...#
...........................#
...........................#
...........................#
.########...............####
#################


You could see a gnoll sergeant, 2 gnolls and a crimson imp.

Vanquished Creatures
  Menkaure (D:4)
  A phantom (D:4)
  A centaur (D:3)
  2 scorpions (D:4)
  A howler monkey (D:3)
  3 crimson imps (D:5)
  A bullfrog zombie (D:5)
  A hound (D:5)
  2 orc priests
  An iguana (D:4)
  2 orc wizards (D:4)
  Jessica (D:3)
  Natasha (thrice) (D:2)
  2 worker ants (D:4)
  A hound skeleton (D:4)
  Robin (D:4)
  2 gnolls (D:5)
  4 adders
  A shadow imp (D:5)
  A white imp (D:5)
  3 oozes (D:1)
  An adder skeleton (D:5)
  2 worms (D:2)
  A dart slug (D:1)
  A leopard gecko (D:3)
  9 orcs
  6 giant cockroaches
  23 goblins
  14 hobgoblins
  16 jackals
  3 ball pythons (D:2)
  7 bats
  2 frilled lizards
  3 kobolds (D:2)
  A leopard gecko zombie (D:3)
  7 rats
131 creatures vanquished.

Notes
Turn   | Place    | Note
-------+----------+-------------------------------------------
     0 | D:1      | funkygono the Draconian Air Elementalist began the quest
                  | for the Orb.
     0 | D:1      | Reached XP level 1. HP: 14/14 MP: 3/3
   457 | D:1      | Reached XP level 2. HP: 1/20 MP: 0/5
   460 | D:1      | Learned a level 2 spell: Swiftness
  1435 | D:1      | Reached XP level 3. HP: 26/26 MP: 0/6
  1439 | D:1      | Learned a level 3 spell: Static Discharge
  2223 | D:2      | Reached skill level 4 in Air Magic
  2484 | D:2      | Reached XP level 4. HP: 33/33 MP: 5/7
  2928 | D:2      | Found a broken altar of Ashenzari.
  3066 | D:2      | Noticed Natasha
  3068 | D:2      | Killed Natasha
  3293 | D:2      | Noticed Natasha
  3300 | D:2      | Killed Natasha
  3301 | D:2      | Reached XP level 5. HP: 38/38 MP: 2/9
  3418 | D:2      | Noticed Natasha
  3425 | D:2      | Killed Natasha
  3475 | D:2      | Learned a level 4 spell: Airstrike
  3647 | D:3      | Noticed Jessica
  3652 | D:3      | Killed Jessica
  4160 | D:3      | Found an iron altar of Okawaru.
  4502 | D:3      | Reached XP level 6. HP: 45/45 MP: 4/11
  5031 | D:4      | Noticed Robin
  5033 | D:4      | Reached skill level 5 in Air Magic
  5234 | D:4      | Killed Robin
  5401 | D:4      | Your scales start taking on a fiery red colour.
  5401 | D:4      | Reached XP level 7. HP: 49/50 MP: 5/13
  5401 | D:4      | Gained mutation: Your flesh is heat resistant. (rF+) [Red
                  | Draconian growth]
  5412 | D:4      | Noticed Menkaure
  5417 | D:4      | Killed Menkaure
  5667 | D:4      | Reached skill level 6 in Air Magic
  5819 | D:4      | Found a staircase to the Ecumenical Temple.
  5827 | Temple   | Entered the Ecumenical Temple
  5921 | Temple   | Became a worshipper of Sif Muna the Loreminder
  6174 | D:4      | Found the +8 frozen axe "Frostbite" {freezing cloud, *Noise
                  | +Fly rC+}
  6204 | D:4      | Found Tudunaug's Gadget Shoppe.
  6437 | D:5      | Entered Level 5 of the Dungeon
  6560 | D:5      | Reached skill level 5 in Spellcasting
  6801 | D:5      | Reached XP level 8. HP: 57/57 MP: 0/15
  6964 | D:5      | Found a shimmering altar of Xom.
  6998 | D:5      | HP: 2/56 [gnoll/bolt of acid (20)]
  6998 | D:5      | Splashed by a gnoll's acid

Illustrated notes

Levels and vault maps discovered:
D:1:      dpeg_arrival_rooms_a, layout_basic, minmay_crystal_room, minivault_4
D:2:      layout_basic, lemuel_round_altar, uniq_natasha
D:3:      layout_rooms, overflow_temple_1_default, st_stairs_11, uniq_jessica
D:4:      cheibrodos_quashed, layout_basic, minmay_temple_entry_water_ring,
          serial_shops, shop, grunt_decor_fettered, uniq_menkaure, uniq_robin
D:5:      layout_basic, lemuel_doored_altar, led_xom_imps
Temple:   minmay_temple_bridge_d

Skill      XL: |  1  2  3  4  5  6  7 |
---------------+----------------------+-----
Air Magic      | 4 5 6 |  6.4
Conjurations   | 2 3 4 |  4.9
Spellcasting   | 3 4 5 |  5.4
Stealth        | 2 |  2.1
Dodging        | 2 |  2.1
Maces & Flails | |  0.1

Action                   |  1- 3 |  4- 6 |  7- 9 || total
-------------------------+-------+-------+-------++-------
Melee: Club              |    12 |       |       ||    12
       Tailslap          |     2 |     2 |     1 ||     5
       Whip              |    11 |     8 |    15 ||    34
 Cast: Shock             |    87 |   191 |    90 ||   368
       Static Discharge  |       |     2 |     6 ||     8
       Airstrike         |       |       |     2 ||     2
  Use: Scroll            |     4 |     1 |     5 ||    10
Armor: Skin              |    12 |    10 |    20 ||    42
Dodge: Dodged            |    43 |    25 |    31 ||    99
